 Dungeon Crawl Stone Soup version 0.19-a0-1740-g0bcaf2e (webtiles) character file.

1547 hairmachine the Conjurer (level 8, -4/99 HPs)
             Began as a Grey Draconian Ice Elementalist on Oct 1, 2016.
             Was an Initiate of Sif Muna.
             Killed from afar by an electric eel (9 damage)
             ... with a bolt of electricity
             ... on level 6 of the Dungeon.
             The game lasted 00:32:33 (9135 turns).

hairmachine the Conjurer (DrIE)                     Turns: 9135, Time: 00:32:34

Health: -4/99      AC: 15    Str: 15    XL:     8   Next: 57%
Magic:  8/15       EV: 13    Int: 18    God:    Sif Muna [......]
Gold:   166        SH:  0    Dex: 17    Spells: 5 memorised, 5 levels left

rFire  . . .     SeeInvis .     u - +1 falchion (protect)
rCold  . . .     Gourm    .     (armour unavailable)
rNeg   . . .     Faith    .     (no shield)
rPois  +         Spirit   .     (helmet restricted)
rElec  .         Dismiss  .     (no cloak)
rCorr  .         Reflect  .     r - +2 pair of gloves {Dex+3}
MR     +....     Harm     .     k - +0 pair of boots
Stlth  ..........               (no amulet)
                                (no ring)
                                s - +2 ring of dexterity

@: berserking, very quick
A: walk through water, unfitting armour, blurry vision 1, magic resistance 1,
poison resistance, unbreathing, cold-blooded, AC +11
a: Renounce Religion


You were on level 6 of the Dungeon.
You worshipped Sif Muna.
Sif Muna was noncommittal.
You were not hungry.

You visited 2 branches of the dungeon, and saw 7 of its levels.

You collected 166 gold pieces.

Inventory:

Hand Weapons
 u - a +1 falchion of protection (weapon)
Missiles
 d - 174 stones (quivered)
Armour
 k - a +0 pair of boots (worn)
 r - a +2 pair of gloves of dexterity (worn)
Jewellery
 s - a +2 ring of dexterity (left hand)
Wands
 g - a wand of polymorph (7/24)
 n - a wand of flame (37/48)
Scrolls
 c - 5 scrolls of remove curse
 e - 4 scrolls of identify
 f - a scroll of magic mapping {unknown}
 h - 2 scrolls of enchant armour
 l - a scroll of fear {unknown}
 m - a scroll of blinking {unknown}
 o - a scroll of fog {unknown}
 p - a scroll of recharging {unknown}
 w - a scroll of enchant weapon {unknown}
 x - 2 scrolls of teleportation {unknown}
 y - a scroll of random uselessness {unknown}
Books
 a - a book of Frost

   Spells                             Type                      Level
   a - Freeze                         Ice                          1
   b - Throw Frost                    Conjuration/Ice              2
   c - Ozocubu's Armour               Charms/Ice                   3
   d - Throw Icicle                   Conjuration/Ice              4
   e - Summon Ice Beast               Ice/Summoning                4
 q - a book of Necromancy

   Spells                             Type                      Level
   a - Pain                           Necromancy                   1
   b - Animate Skeleton               Necromancy                   1
   c - Vampiric Draining              Necromancy                   3
   d - Regeneration                   Charms/Necromancy            3
   e - Animate Dead                   Necromancy                   4
   f - Control Undead                 Necromancy                   4
 t - a book of Minor Magic

   Spells                             Type                      Level
   a - Magic Dart                     Conjuration                  1
   b - Blink                          Translocation                2
   c - Call Imp                       Summoning                    2
   d - Repel Missiles                 Charms/Air                   2
   e - Slow                           Hexes                        2
   f - Conjure Flame                  Conjuration/Fire             3
   g - Mephitic Cloud                 Conjuration/Poison/Air       3
 v - a book of Ice

   Spells                             Type                      Level
   a - Ice Form                       Ice/Transmutation            4
   b - Metabolic Englaciation         Hexes/Ice                    5
   c - Ozocubu's Refrigeration        Ice                          6
   d - Bolt of Cold                   Conjuration/Ice              6
   e - Freezing Cloud                 Conjuration/Ice/Air          6
   f - Simulacrum                     Ice/Necromancy               6
Comestibles
 b - 4 bread rations


   Skills:
 - Level 4.1 Fighting
 + Level 1.3 Long Blades
 + Level 2.1 Dodging
 - Level 1.7 Stealth
 + Level 4.9 Spellcasting
 + Level 5.6 Conjurations
 - Level 3.2 Summonings
 - Level 5.1 Ice Magic
 - Level 2.3 Poison Magic


You had 5 spell levels left.
You knew the following spells:

 Your Spells              Type           Power        Failure   Level  Hunger
a - Freeze                Ice            ###.         1%          1    None
b - Throw Frost           Conj/Ice       ###...       1%          2    #......
c - Ozocubu's Armour      Chrm/Ice       ##......     17%         3    ###....
d - Call Imp              Summ           ###.....     8%          2    #......
e - Mephitic Cloud        Conj/Pois/Air  ##......     17%         3    ###....


Dungeon Overview and Level Annotations

Branches:
Dungeon (6/15)             Temple (1/1) D:6

Altars:
Cheibriados
Dithmenos
Gozag
Hepliaklqana
Kikubaaqudgha
Makhleb
Nemelex Xobeh
Okawaru
Ru
Sif Muna
Trog
Uskayaw
Vehumet
Xom
Zin
The Shining One

Annotations:
D:3 Jessica
D:4 1 runed door
D:5 exclusions: door and 1 more exclusion, Pikel
D:6 exclusion: 2 doors


Innate Abilities, Weirdness & Mutations

You can walk through water.
Your dull iron-grey scales are very hard. (AC +11)
You cannot fit into any form of body armour.
You can survive without breathing.
You are cold-blooded and may be slowed by cold attacks.
Scrolls take you a little longer to read.
You are resistant to hostile enchantments. (MR+)
Your system is resistant to poisons. (rPois)


Message History

* * * LOW HITPOINT WARNING * * *
Okay, then.
You feel better.
The electric eel shoots out a bolt of lightning at you!
The bolt of electricity hits you!
* * * LOW HITPOINT WARNING * * *
The electric eel shoots out a bolt of lightning at you!
The bolt of electricity hits you!
* * * LOW HITPOINT WARNING * * *
Really read with blurry vision while enemies are nearby?
Okay, then.
The electric eel shoots out a bolt of lightning at you!
The bolt of electricity hits you!
* * * LOW HITPOINT WARNING * * *
A red film seems to cover your vision as you go berserk!
You feel yourself moving faster!
You feel mighty!
You feel a strong urge to attack something.
The electric eel shoots out a bolt of lightning at you!
The bolt of electricity hits you!
You die...

###########
≈≈≈≈≈≈≈≈≈≈########
≈≈≈≈≈≈≈≈≈≈≈≈≈≈≈≈≈####
≈≈≈≈≈≈≈≈≈≈≈#####@≈≈≈##
############ #≈≈≈≈≈#
#≈≈≈≈≈# #≈≈≈≈≈##
#≈≈≈≈†≈# #≈≈≈≈≈≈≈#
#≈≈;≈≈≈≈# #≈≈≈≈;≈≈#
##≈≈≈≈≈≈≈


You could see 2 electric eels.

Vanquished Creatures
  The ghost of Gamora the Ruffian, an amateur DrTm of Ru (D:4)
  Eustachio (D:5)
  2 bullfrogs
  A wyvern skeleton (D:5)
  3 killer bees (D:5)
  2 howler monkeys
  3 electric eels (D:6)
  A crimson imp (D:6)
  A hound (D:4)
  A quasit (D:6)
  5 orc priests
  A bullfrog skeleton (D:6)
  A centaur skeleton (D:4)
  Ijyb (D:3)
  An iguana (D:5)
  5 orc wizards
  A worker ant (D:4)
  A hound zombie (D:6)
  Robin (D:3)
  4 adders
  A shadow imp (D:6)
  2 adder skeletons
  2 worms
  8 dart slugs
  5 leopard geckos
  19 orcs
  2 ball pythons
  8 bats
  11 giant cockroaches
  10 goblins
  10 hobgoblins
  A jackal (D:4)
  6 kobolds
  2 quokkas (D:2)
  2 frilled lizards
  A leopard gecko zombie (D:5)
  A quokka skeleton (D:6)
  4 rats
132 creatures vanquished.

Notes
Turn   | Place    | Note
-------+----------+-------------------------------------------
     0 | D:1      | hairmachine the Draconian Ice Elementalist began the quest for the Orb.
     0 | D:1      | Reached XP level 1. HP: 14/14 MP: 3/3
   840 | D:1      | Reached XP level 2. HP: 19/20 MP: 1/5
  1224 | D:1      | Learned a level 2 spell: Throw Frost
  1509 | D:1      | Reached XP level 3. HP: 26/26 MP: 3/6
  1549 | D:1      | Learned a level 3 spell: Ozocubu's Armour
  1895 | D:2      | Found a shadowy altar of Dithmenos.
  2472 | D:2      | Found a bloodstained altar of Trog.
  2553 | D:2      | Reached XP level 4. HP: 30/33 MP: 1/7
  2735 | D:2      | Reached skill level 5 in Ice Magic
  3398 | D:3      | Noticed Ijyb
  3464 | D:3      | Killed Ijyb
  4111 | D:3      | Noticed Jessica
  4219 | D:3      | Noticed Robin
  4242 | D:3      | Killed Robin
  4242 | D:3      | Reached XP level 5. HP: 38/38 MP: 5/8
  4413 | D:4      | Noticed Gamora's ghost (amateur DrTm)
  4443 | D:4      | Killed Gamora's ghost
  4443 | D:4      | Reached XP level 6. HP: 29/45 MP: 0/9
  4713 | D:4      | Reached skill level 5 in Conjurations
  4933 | D:4      | Found a runed door.
  5161 | D:4      | Learned a level 2 spell: Call Imp
  5562 | D:5      | Entered Level 5 of the Dungeon
  5873 | D:5      | Noticed Pikel
  5873 | D:5      | Noticed a slave
  5873 | D:5      | Noticed a slave
  5873 | D:5      | Noticed a slave
  5998 | D:5      | Noticed an orc warrior
  6135 | D:4      | Reached skill level 1 in Summonings
  6135 | D:4      | Your scales start taking on a dull iron-grey colour.
  6135 | D:4      | Reached XP level 7. HP: 50/50 MP: 6/11
  6135 | D:4      | Gained mutation: You can survive without breathing. [Grey Draconian growth]
  6646 | D:5      | Reached skill level 1 in Fighting
  7037 | D:5      | Gained mutation: Your system is resistant to poisons. (rPois) [potion of mutation]
  7037 | D:5      | Gained mutation: Scrolls take you a little longer to read. [potion of mutation]
  7037 | D:5      | Gained mutation: You are resistant to hostile enchantments. (MR+) [potion of mutation]
  7344 | D:5      | Found an ancient bone altar of Kikubaaqudgha.
  7478 | D:5      | Learned a level 3 spell: Mephitic Cloud
  7611 | D:5      | Noticed Eustachio
  7678 | D:6      | Reached XP level 8. HP: 59/62 MP: 2/14
  7776 | D:6      | Found a sand-covered staircase.
  7799 | D:6      | Found an iron altar of Okawaru.
  7881 | D:6      | Found a staircase to the Ecumenical Temple.
  7897 | Temple   | Entered the Ecumenical Temple
  8151 | Temple   | Became a worshipper of Sif Muna the Loreminder
  8401 | D:6      | Reached skill level 1 in Poison Magic
  8437 | D:5      | Killed Eustachio
  8975 | D:6      | Reached skill level 1 in Long Blades
  9133 | D:6      | HP: 3/66 [electric eel/bolt of electricity (14)]
  9135 | D:6      | Killed from afar by an electric eel

Vault maps used:
D:1:      dpeg_arrival_arbitrary_c, kennysheep_doodads
D:2:      nicolae_dithmenos_shadow_blocks, bloody_trog
D:3:      uniq_iyjb, uniq_jessica, uniq_robin
D:4:      uniq_crazy_yiuf_cottage
D:5:      first_bread, basic_altar, uniq_eustachio, uniq_duvessa, uniq_sigmund,
          uniq_pikel
D:6:      minmay_goblin_kobold_castle, okawaru_gym_becter, enter_ossuary_1,
          hangedman_decor_riveting, minmay_checkerbox, uniq_blork_the_orc
Temple:   nicolae_temple_god_jail

Skill      XL: |  1  2  3  4  5  6  7  8 |
---------------+-------------------------+-----
Ice Magic      | 4 5 |  5.1
Conjurations   | 2 4 5 |  5.6
Spellcasting   | 3 4 |  4.9
Summonings     | 1 3 |  3.2
Fighting       | 2 4 |  4.1
Poison Magic   | 2 |  2.3
Dodging        | 2 |  2.1
Long Blades    | 1 |  1.3
Stealth        | |  1.7

Action                   |  1- 3 |  4- 6 |  7- 9 || total
-------------------------+-------+-------+-------++-------
Melee: Unarmed           |     3 |     7 |       ||    10
       Dagger            |       |    38 |    88 ||   126
       Tailslap          |       |     7 |    15 ||    22
       Falchion          |       |       |    23 ||    23
 Cast: Freeze            |    52 |    74 |    92 ||   218
       Throw Frost       |    17 |    23 |    45 ||    85
       Call Imp          |       |       |     2 ||     2
  Use: Potion            |     1 |     3 |    10 ||    14
       Scroll            |       |     2 |     1 ||     3
  Eat: Chunk             |     7 |    10 |     9 ||    26
       Bread ration      |       |     1 |       ||     1
       Beef jerky        |       |     1 |       ||     1
Armor: Skin              |    18 |    39 |   110 ||   167
Dodge: Dodged            |    28 |    60 |   154 ||   242
